Map: Cyber Forest LE

Players

Woah - Winner!

  • Race: Terran Terran
  • Spawn Location: 11:00

Starletninja

  • Race: Zerg Zerg
  • League: Platinum
  • Spawn Location: 5:00

VOD

Have the link to the VOD?

Description

Time

  • Played on: June 10, 2019, 11 a.m.
  • Length: 9:18
Show
View Real Time Build Order
Export as new Build Order

Woah Terran - Winner!

Build Orders:  

Get SALT Encoding   

  12  0:01  SCV  
  13  0:15  SCV  
  13  0:19  Supply Depot  
  14  0:29  SCV  
  15  0:41  SCV  
  16  0:45  Barracks  
  16  0:47  Refinery  
  16  1:03  Barracks  
  16  1:17  SCV  
  17  1:19  Refinery  
  17  1:31  Barracks  
  17  1:35  Reaper  
  18  1:40  Supply Depot  
  18  1:52  Reaper  
  19  2:03  Orbital Command  
  19  2:13  Reaper  
  20  2:18  Reaper  
  21  2:25  Reaper  
  22  2:43  SCV  
  23  2:45  Engineering Bay  
  23  2:50  Reaper  
  24  2:53  Reaper  
  24  2:55  SCV  
  26  3:01  Reaper  
  27  3:22  Reaper  
  27  3:25  Reaper  
  29  3:33  Reaper  
  29  3:54  Reaper  
  30  3:57  Reaper  
  31  4:19  Reaper  
  30  4:26  Reaper  
  31  4:32  Terran Infantry Weapons Level 1  
  31  4:43  Reaper  
  30  4:55  Reaper  
  28  5:11  Reaper  
  28  5:15  Reaper  
  28  5:27  Reaper  
  27  5:43  Reaper  
  27  5:47  Reaper  
  28  5:56  Command Center  
  28  5:59  Reaper  
  28  6:01  Factory  
  28  6:02  Command Center  
  29  6:32  Barracks Tech Lab  
  29  6:40  Engineering Bay, Terran Infantry Armor Level 1  
  29  6:42  SCV, Barracks Tech Lab  
  30  6:54  SCV  
  30  7:06  SCV  
  31  7:19  SCV  
  31  7:22  Marine x3  
  34  7:31  SCV  
  35  7:37  Orbital Command x2  
  35  7:39  Marine  
  35  7:40  Marine  
  37  7:58  Marine  
  37  7:59  Marauder x2  
  42  8:16  Marine  
  42  8:20  Marine x2  
  43  8:34  Marine  
Show
View Real Time Build Order
Export as new Build Order

Starletninja Zerg 

Build Orders: Hatch First 

Get SALT Encoding   

  12  0:08  Overlord  
  12  0:13  Drone  
  13  0:17  Drone  
  14  0:27  Drone  
  15  0:33  Drone  
  16  0:52  Hatchery  
  16  0:54  Drone  
  16  0:56  Drone  
  17  1:00  Extractor  
  16  1:15  Spawning Pool  
  16  1:17  Drone  
  16  1:24  Drone x2  
  18  1:35  Drone  
  19  1:46  Overlord  
  19  2:04  Zergling x2  
  19  2:06  Queen  
  19  2:07  Metabolic Boost  
  22  2:08  Queen  
  22  2:12  Drone  
  25  2:16  Drone  
  25  2:18  Drone  
  25  2:22  Drone  
  28  2:25  Drone  
  28  2:28  Drone  
  29  2:42  Overlord  
  30  2:44  Drone  
  30  2:46  Queen  
  32  2:54  Overlord  
  32  2:59  Queen  
  32  3:01  Drone  
  35  3:11  Zergling x4  
  35  3:12  Zergling x4  
  36  3:20  Spine Crawler  
  31  3:46  Zergling x2  
  31  3:47  Zergling x12  
  34  3:59  Queen  
  29  4:25  Zergling x2  
  29  4:26  Zergling x10  
  32  4:35  Queen  
  26  5:03  Zergling x2  
  26  5:04  Zergling x10  
  29  5:11  Queen  
  30  5:19  Zergling x4  
  29  5:35  Zergling x2  
  28  5:36  Zergling x2  
  25  5:54  Spine Crawler  
  21  6:26  Drone x6  
  21  6:31  Lair  
  27  6:42  Drone x4  
  31  6:50  Baneling Nest  
  30  6:58  Zergling x10  
Tags
 
League
Platinum
Matchup
TvZ
Replay Pack
r1
Spawn Locations
Cross Positions
Add a new tag
Caveats
  • Supply blocks, unpowered buildings, or Contaminate may cause inaccurate times.
  • Supply counts are checked every 10 seconds.